 Dungeon Crawl Stone Soup version 0.18.1-6-gd335043 (webtiles) character file.

11341 epen the Cleaver (level 11, -6/97 HPs)
             Began as a Minotaur Fighter on May 15, 2016.
             Mangled by Gekot's ghost (17 damage)
             ... on level 1 of the Lair of Beasts.
             The game lasted 00:16:42 (8928 turns).

epen the Cleaver (Minotaur Fighter)                 Turns: 8928, Time: 00:16:42

Health: -6/97      AC: 22    Str: 24    XL:     11   Next: 48%
Magic:  0/10       EV: 10    Int: 11    God:
Gold:   703        SH:  0    Dex: 10    Spells: 0 memorised, 10 levels left

rFire  + . .     SeeInvis .     N - +11 quarterstaff of the End {venom, rF+}
rCold  . . .     Gourm    .     P - +3 plate armour
rNeg   . . .     Faith    .     (shield currently unavailable)
rPois  .         Spirit   +     S - +0 hat
rElec  .         Dismiss  .     w - +0 cloak
rCorr  .         Reflect  .     (no gloves)
SustAt .         Harm     .     (no boots)
MR     .....     Rnd*Tele +     M - amulet of guardian spirit
Stlth  ..........               (no ring)
                                v - +6 ring of intelligence

@: not resistant to hostile enchantments, extremely unstealthy
A: retaliatory headbutt, horns 2, iridescent scales 1, screaming 1, teleportitis
1, wild magic 1
a: no special abilities


You were on level 1 of the Lair of Beasts.
You were not hungry.

You visited 2 branches of the dungeon, and saw 11 of its levels.
You also visited: Ossuary.

You collected 703 gold pieces.

Inventory:

Hand Weapons
 a - a +1 war axe
 A - a +0 battleaxe
 N - the +11 quarterstaff of the End (weapon) {venom, rF+}
   (You acquired it on level 8 of the Dungeon)

   It poisons the flesh of those it strikes.
   It protects you from fire.
Missiles
 p - 3 throwing nets (quivered)
Armour
 b - a +0 scale mail
 c - a +1 shield
 m - the +0 ring mail of Acweiher {rPois}
   (You found it on level 7 of the Dungeon)

   It protects you from poison.
 w - a +0 cloak (worn)
 P - a +3 plate armour (worn)
 S - a +0 hat (worn)
Jewellery
 v - a +6 ring of intelligence (left hand)
 M - an amulet of guardian spirit (around neck)
 T - an uncursed amulet of the gourmand {unknown}
Wands
 x - a wand of slowing (20/48)
 G - a wand of paralysis (11/24)
 I - a wand of iceblast (14/15)
 L - a wand of random effects (17/48)
 R - a wand of flame (17/48)
Scrolls
 g - 3 scrolls of noise
 h - 3 scrolls of recharging
 j - 6 scrolls of identify
 k - a scroll of magic mapping
 o - 6 scrolls of remove curse
 q - 3 scrolls of fear
 r - 2 scrolls of teleportation
 s - 4 scrolls of fog
 u - a scroll of random uselessness
 y - 2 scrolls of enchant armour
 B - a scroll of enchant weapon
Potions
 d - a potion of cancellation
 e - 4 potions of berserk rage
 i - 2 potions of flight
 l - 4 potions of lignification
 n - 2 potions of curing
 t - 2 potions of brilliance
 C - a potion of magic
 F - a potion of agility
 H - a potion of resistance
 O - a potion of might
Books
 Q - a book of Burglary

   Spells                             Type                      Level
   a - Swiftness                      Charms/Air                   2
   b - Passwall                       Transmutation/Earth          2
   c - Passage of Golubria            Translocation                4
   d - Lee's Rapid Deconstruction     Earth                        5
   e - Darkness                       Hexes                        6
   f - Invisibility                   Hexes                        6
Comestibles
 f - 7 bread rations
 z - 4 beef jerkies
 D - 7 fruits
 E - 2 meat rations
 J - 2 slices of pizza
 K - 5 royal jellies


   Skills:
 + Level 9.0 Fighting
 * Level 11.5 Axes
 + Level 4.3 Staves
 * Level 9.9 Armour
 + Level 9.7 Dodging
 + Level 9.0 Shields


You had 10 spell levels left.
You didn't know any spells.

Dungeon Overview and Level Annotations

Branches:
Dungeon (10/15)            Temple (0/1) D:4            Lair (1/8) D:8
    Orc: D:9-12

Altars:
Ashenzari
Dithmenos
Elyvilon
Gozag
Kikubaaqudgha
Makhleb
Nemelex Xobeh
Pakellas
Ru
Sif Muna
Trog
Xom
Yredelemnul
Zin
The Shining One

Annotations:
D:9 1 exclusion
Lair:1 Gekot's ghost, journeyman GrFi


Innate Abilities, Weirdness & Mutations

You reflexively headbutt those who attack you in melee.
You have a pair of horns on your head.
You are partially covered in iridescent scales (AC +4).
You occasionally shout uncontrollably at your foes.
You are occasionally teleported next to monsters.
Your spells are a little harder to cast, but a little more powerful.


Message History

Gekot's ghost is lightly damaged.
Gekot's ghost hits you.
You barely miss Gekot's ghost.
You headbutt Gekot's ghost, but do no damage.
Gekot's ghost is lightly damaged.
Gekot's ghost hits you!!
You hit Gekot's ghost but do no damage.
Gekot's ghost is lightly damaged.
Gekot's ghost hits you!
You hit Gekot's ghost but do no damage.
Gekot's ghost is lightly damaged.
Gekot's ghost hits you!!
* * * LOW HITPOINT WARNING * * *
You are electrocuted!
* * * LOW HITPOINT WARNING * * *
Drink which item? (? for menu, Esc to quit)
You feel better.
Gekot's ghost hits you but does no damage.
You are electrocuted!
You die...

P# *,,**,*,,***,*#......,,,,,,,,
## #..#**#..# ***#......,,,,,,,,
# #..# #..# #.....******,,, #
#..# #..## #....** **** #
#..####...# #...## ******** #
#..#..#..#* #....###§≈*,,,, #
#.)......# #......§§§∩,,,,
#####........######......§§§*,,,,
................@W††######≈#****,
###P####.####.####### *** ** ###
### ###


You could see Gekot's ghost.

Vanquished Creatures
  Gastronok (D:10)
  Urug (D:10)
  2 unseen horrors (D:10)
  A hill giant (D:10)
  Joseph (D:8)
  Psyche (D:9)
  Prince Ribbit (D:9)
  A wraith (Ossuary)
  11 yaks
  2 water moccasins
  5 orc warriors
  An ice beast (D:9)
  A black bear (D:7)
  5 ogres
  A sky beast (D:7)
  A phantom (D:9)
  6 centaurs
  3 crocodiles
  2 big kobolds
  6 giant frogs
  2 wyvern zombies
  A scorpion (D:8)
  11 killer bees (D:10)
  A troll skeleton (D:10)
  4 howler monkeys
  3 spriggan skeletons (D:10)
  An electric eel (Lair:1)
  2 crimson imps (D:6)
  A centaur zombie (D:5)
  A giant frog zombie (D:5)
  A quasit (D:8)
  3 hounds
  A jelly (D:8)
  5 orc priests
  3 centaur skeletons
  Crazy Yiuf (D:3)
  2 giant frog skeletons
  4 orc wizards
  5 iguanas
  9 worker ants
  A big kobold zombie (Ossuary)
  3 hound skeletons
  3 mummies (Ossuary)
  2 howler monkey zombies (D:8)
  A worker ant zombie (D:10)
  9 gnolls
  17 adders
  A howler monkey skeleton (D:5)
  2 river rats (D:8)
  A shadow imp (D:8)
  2 adder zombies
  2 worms (D:3)
  An adder skeleton (D:6)
  A dart slug (D:2)
  4 giant geckos
  18 orcs
  2 ball pythons
  7 giant cockroaches
  12 goblins
  2 hobgoblins (D:1)
  21 jackals
  2 quokkas
  13 bats
  3 giant newts (D:2)
  4 goblin zombies (Ossuary)
  A hobgoblin zombie (Ossuary)
  15 kobolds
  4 kobold zombies (Ossuary)
  19 rats
287 creatures vanquished.

Vanquished Creatures (others)
  5 sheep (D:10)
  2 fungi (D:8)
  A plant (D:8)
8 creatures vanquished.

Grand Total: 295 creatures vanquished

Notes
Turn   | Place    | Note
--------------------------------------------------------------
     0 | D:1      | epen the Minotaur Fighter began the quest for the Orb.
     0 | D:1      | Reached XP level 1. HP: 19/19 MP: 0/0
   262 | D:1      | Reached XP level 2. HP: 23/26 MP: 1/1
   276 | D:1      | Reached skill level 1 in Dodging
   657 | D:2      | Reached skill level 3 in Axes
   657 | D:2      | Reached XP level 3. HP: 30/33 MP: 2/2
   735 | D:2      | Found an opulent altar of Gozag.
  1039 | D:2      | Reached XP level 4. HP: 40/40 MP: 3/3
  1267 | D:3      | Found a burning altar of Makhleb.
  1268 | D:3      | Found a glowing silver altar of Zin.
  1268 | D:3      | Noticed an angel
  1269 | D:3      | Noticed a green death
  2298 | D:3      | Noticed Crazy Yiuf
  2302 | D:3      | Killed Crazy Yiuf
  2302 | D:3      | Reached XP level 5. HP: 34/47 MP: 4/4
  2505 | D:4      | Found a staircase to the Ecumenical Temple.
  2637 | D:4      | Found a sand-covered staircase.
  2642 | Ossuary  | Entered an ossuary
  2642 | Ossuary  | Noticed a wraith
  2642 | Ossuary  | Noticed a wraith
  2642 | Ossuary  | Noticed a wraith
  2816 | Ossuary  | Reached skill level 4 in Axes
  2836 | Ossuary  | Noticed a wraith
  2849 | Ossuary  | Killed a wraith
  2849 | Ossuary  | Reached XP level 6. HP: 41/55 MP: 5/5
  3035 | D:4      | Found a basalt altar of Yredelemnul.
  3089 | D:4      | Reached skill level 5 in Fighting
  3303 | D:4      | Reached skill level 5 in Axes
  3477 | D:4      | Found a bloodstained altar of Trog.
  3481 | D:4      | Found an ancient bone altar of Kikubaaqudgha.
  3483 | D:4      | Found a shattered altar of Ashenzari.
  3483 | D:4      | Found a shadowy altar of Dithmenos.
  3483 | D:4      | Found a sparkling altar of Nemelex Xobeh.
  3690 | D:4      | Reached XP level 7. HP: 55/61 MP: 6/6
  3694 | D:4      | Reached skill level 5 in Armour
  3941 | D:5      | Entered Level 5 of the Dungeon
  3972 | D:5      | Reached skill level 5 in Shields
  4592 | D:5      | Reached skill level 6 in Axes
  4895 | D:6      | Reached skill level 5 in Dodging
  4927 | D:6      | Found a glowing golden altar of the Shining One.
  5177 | D:6      | Reached XP level 8. HP: 52/69 MP: 7/7
  5258 | D:6      | Reached skill level 7 in Axes
  5592 | D:6      | Gained mutation: Your spells are a little harder to cast, but a little more powerful. [potion of mutation]
  5592 | D:6      | Gained mutation: You occasionally shout uncontrollably at your foes. [potion of mutation]
  5592 | D:6      | Gained mutation: You are occasionally teleported next to monsters. [potion of mutation]
  5662 | D:7      | Gained mutation: You are partially covered in iridescent scales (AC +4). [mutagenic meat]
  5676 | D:7      | Got a translucent ring mail
  5687 | D:7      | Identified the cursed +0 ring mail of Acweiher {rPois} (You found it on level 7 of the Dungeon)
  5752 | D:7      | Reached XP level 9. HP: 77/78 MP: 8/8
  5845 | D:7      | Found an oddly glowing altar of Pakellas.
  5907 | D:7      | Reached skill level 8 in Axes
  6339 | D:8      | Noticed Joseph
  6354 | D:8      | Paralysed by Joseph for 4 turns
  6362 | D:8      | Paralysed by Joseph for 2 turns
  6370 | D:8      | Killed Joseph
  6374 | D:8      | Reached skill level 9 in Axes
  6384 | D:8      | Found a staircase to the Lair.
  6941 | D:8      | Identified a scroll of acquirement
  6942 | D:8      | Got a jewelled quarterstaff
  6944 | D:8      | Identified the +11 quarterstaff of the End {venom, rF+} (You acquired it on level 8 of the Dungeon)
  6957 | D:9      | Noticed Psyche
  6964 | D:9      | Killed Psyche
  6964 | D:9      | Reached XP level 10. HP: 70/88 MP: 5/9
  6998 | D:9      | Reached skill level 1 in Staves
  7011 | D:9      | Found a white marble altar of Elyvilon.
  7054 | D:9      | Noticed Prince Ribbit
  7200 | D:9      | Killed Prince Ribbit
  7265 | D:9      | Found a deep blue altar of Sif Muna.
  7294 | D:9      | Found a sacrificial altar of Ru.
  7465 | D:9      | Reached skill level 10 in Axes
  7602 | D:10     | Entered Level 10 of the Dungeon
  7713 | D:10     | Noticed Urug
  7735 | D:10     | Killed Urug
  8053 | D:10     | Found a shimmering altar of Xom.
  8103 | D:10     | Noticed Gastronok
  8127 | D:10     | Killed Gastronok
  8127 | D:10     | Reached XP level 11. HP: 52/95 MP: 6/10
  8339 | D:10     | Reached skill level 11 in Axes
  8652 | D:10     | Killed an unseen horror
  8717 | D:10     | Noticed a hill giant
  8726 | D:10     | Killed a hill giant
  8754 | D:10     | Killed an unseen horror
  8844 | Lair:1   | Entered Level 1 of the Lair of Beasts
  8911 | Lair:1   | Noticed Gekot's ghost (journeyman GrFi)
  8928 | Lair:1   | Mangled by Gekot's ghost

Skill      XL: |  1  2  3  4  5  6  7  8  9 10 11 |
---------------+----------------------------------+-----
Dodging        | 1 2 3 4 5 6 8 9 |  9.7
Axes           | 3 4 5 6 7 9 10 11 | 11.5
Fighting       | 4 5 6 7 8 9 |  9.0
Armour         | 4 5 6 7 9 |  9.9
Shields        | 4 5 6 7 8 9 |  9.0
Staves         | 3 4 |  4.3

Action                   |  1- 3 |  4- 6 |  7- 9 | 10-12 || total
-------------------------+-------+-------+-------+-------++-------
Melee: War axe           |    98 |   131 |   351 |       ||   580
       Headbutt          |    18 |    28 |    72 |    40 ||   158
       Quarterstaff      |       |       |     3 |   224 ||   227
  Use: Potion            |       |       |     6 |     2 ||     8
       Scroll            |       |       |    28 |     4 ||    32
  Eat: Chunk             |       |     5 |    12 |     5 ||    22
       Bread ration      |       |     1 |       |     1 ||     2
Armor: Scale mail        |    49 |    38 |    54 |       ||   141
       Ring mail         |       |       |    67 |    40 ||   107
       Plate armour      |       |       |       |    99 ||    99
       Skin              |       |       |       |     1 ||     1
Dodge: Dodged            |    41 |    38 |   159 |   127 ||   365
Block: Shield            |    66 |    70 |   213 |       ||   349
